Map: Lightshade LE

Players

notIIIIIIIII

  • Race: Terran Terran
  • League: Grandmaster
  • Spawn Location: 5:00

LanaDelRey - Winner!

  • Race: Protoss Protoss
  • League: Master
  • Spawn Location: 11:00

VOD

Have the link to the VOD?

Description

Time

  • Played on: March 25, 2021, 10:04 p.m.
  • Length: 14:50
Show
View Real Time Build Order
Export as new Build Order

notIIIIIIIII Terran 

Build Orders:  

Get SALT Encoding   

  12  0:00  SCV  
  13  0:12  SCV  
  14  0:18  Supply Depot  
  14  0:24  SCV  
  15  0:39  SCV  
  15  0:41  Barracks  
  16  0:44  Refinery  
  16  0:52  SCV  
  17  1:04  SCV  
  18  1:17  SCV  
  19  1:28  Marine  
  19  1:32  Orbital Command  
  20  1:44  Command Center  
  20  1:57  Factory  
  20  1:59  SCV  
  21  2:06  Barracks Reactor  
  21  2:11  Supply Depot  
  21  2:13  SCV  
  22  2:23  Bunker  
  22  2:25  SCV  
  23  2:31  Refinery  
  23  2:37  SCV  
  23  2:42  Hellion, Starport  
  26  2:46  Marine  
  26  2:49  Marine  
  28  2:53  SCV  
  29  3:02  Orbital Command  
  29  3:07  Hellion  
  29  3:11  Marine x2  
  33  3:16  SCV  
  34  3:28  SCV x2  
  34  3:29  Hellion  
  34  3:30  Medivac  
  40  3:35  Supply Depot  
  40  3:39  Marine  
  40  3:40  SCV, Marine  
  43  3:42  SCV  
  44  3:52  Hellion  
  46  3:57  Supply Depot, SCV x2  
  46  4:00  Marine x2  
  50  4:09  SCV x2  
  52  4:12  Starport Tech Lab  
  52  4:13  Factory Tech Lab  
  52  4:20  Supply Depot  
  52  4:21  SCV, Marine x2  
  52  4:22  SCV  
  56  4:33  Barracks, SCV  
  56  4:34  Raven  
  62  4:42  SCV  
  62  4:45  SCV  
  60  4:50  Marine x2  
  56  4:54  SCV  
  56  4:55  Barracks  
  56  4:56  Cyclone  
  56  4:57  SCV  
  56  4:59  Engineering Bay  
  58  5:05  Engineering Bay  
  58  5:06  SCV  
  59  5:07  Marine  
  59  5:08  Marine  
  59  5:12  SCV  
  62  5:18  SCV  
  62  5:30  Marine x2  
  62  5:32  Siege Tank  
  62  5:34  SCV  
  62  5:35  Terran Infantry Weapons Level 1  
  68  5:37  Refinery  
  68  5:39  Starport Reactor  
  68  5:40  Refinery  
  68  5:41  SCV  
  69  5:45  Barracks Tech Lab  
  69  5:46  SCV  
  69  5:48  Stimpack  
  70  5:51  Command Center  
  70  6:02  Terran Infantry Armor Level 1, Supply Depot  
  70  6:03  Supply Depot  
  70  6:06  Marine x2  
  70  6:07  SCV, Marauder x2  
  77  6:18  Missile Turret x2, SCV  
  77  6:23  Siege Tank, Medivac  
  83  6:26  Supply Depot, Marine x2  
  83  6:27  SCV  
  83  6:28  Medivac  
  83  6:30  SCV, Marine  
  90  6:36  Supply Depot  
  90  6:37  Marauder  
  90  6:39  SCV  
  93  6:43  SCV  
  93  6:45  Marine  
  90  6:58  Siege Tank, Marauder  
  87  7:04  SCV x2  
  87  7:07  Marauder  
  61  7:08  Viking x2  
  95  7:16  Barracks, SCV  
  95  7:20  Barracks, Marauder  
  98  7:24  SCV  
  98  7:28  SCV  
  98  7:29  Supply Depot  
  98  7:31  Orbital Command  
  98  7:33  Marauder  
  98  7:36  SCV  
  101  7:37  Siege Tank  
  101  7:40  SCV, Refinery  
  101  7:41  Refinery, Marauder  
  109  7:46  Marine x2  
  109  7:47  Viking  
  109  7:49  Viking  
  113  7:56  SCV  
  113  7:57  Supply Depot  
  113  7:58  Armory  
  114  8:01  Marauder, Concussive Shells  
  114  8:03  Combat Shield  
  116  8:06  Barracks Tech Lab  
  116  8:07  Barracks Tech Lab  
  116  8:09  Marauder  
  116  8:10  SCV  
  116  8:11  SCV  
  116  8:12  SCV  
  121  8:20  Supply Depot, Viking  
  121  8:21  Viking  
  121  8:26  SCV x2  
  127  8:28  SCV  
  127  8:29  Supply Depot  
  128  8:38  SCV  
  109  8:53  Marauder  
  86  8:57  Viking  
  86  8:58  Viking  
  86  8:59  Marauder x2  
  92  9:06  Terran Infantry Weapons Level 2  
  90  9:12  Marauder, Factory  
  90  9:13  SCV x2  
  94  9:18  Missile Turret x2, Marauder  
  94  9:21  Command Center, SCV  
  94  9:23  Bunker  
  97  9:25  SCV  
  97  9:27  Bunker, Marauder x2  
  97  9:28  Siege Tank  
  97  9:30  SCV  
  106  9:33  SCV, Marauder  
  106  9:37  SCV  
  106  9:38  Viking x2  
  114  9:42  SCV  
  114  9:45  SCV  
  116  9:48  Marauder x2, Marine x2  
  116  9:52  Terran Vehicle Weapons Level 1  
  122  9:54  SCV x2  
  124  10:00  Supply Depot  
  124  10:01  Siege Tank, Factory Tech Lab  
  124  10:03  Supply Depot  
  124  10:05  Marauder x2  
  131  10:11  Command Center  
  131  10:12  Missile Turret  
  133  10:14  Marauder  
  133  10:15  Marauder  
  135  10:22  Viking x2  
  135  10:23  Ghost Academy  
  135  10:25  Siege Tank  
  135  10:26  SCV  
  143  10:31  SCV  
  143  10:32  SCV  
  145  10:46  Barracks  
  145  10:48  Siege Tank  
  148  10:50  Barracks x2  
  148  10:52  Viking x2  
  148  10:56  Marauder x3  
  148  10:57  Siege Tank, Marauder, Marine x2  
  165  11:15  Missile Turret  
  165  11:21  Terran Infantry Armor Level 2  
  153  11:39  Missile Turret  
  151  11:42  Ghost x3, Marine x3  
  151  11:43  Ghost  
  162  11:47  SCV  
  162  11:51  Missile Turret  
  163  11:56  Missile Turret x2, SCV  
  163  11:57  Planetary Fortress, SCV  
  163  11:58  Missile Turret  
  163  11:59  SCV  
  166  12:04  Command Center  
  166  12:06  Barracks Tech Lab x2  
  166  12:09  SCV x2  
  168  12:16  SCV, Refinery  
  168  12:21  Refinery, SCV x2  
  168  12:22  Siege Tank  
  174  12:26  Siege Tank  
  174  12:27  Marauder  
  174  12:28  SCV  
  180  12:38  Missile Turret  
  180  12:52  SCV x2  
  180  12:53  SCV x2  
  140  13:01  Marine x2  
  140  13:02  Marine x4  
  140  13:03  Marauder  
  140  13:04  Marine  
  113  13:06  Marine  
  112  13:19  Ghost, Marine x3  
  114  13:20  Marine x2  
  114  13:22  Siege Tank, Marine  
  114  13:23  Liberator x2, Marine  
  114  13:24  Marine  
  131  13:37  Marine  
  131  13:39  Ghost x3  
  131  13:40  Marine x2  
  140  13:41  Marine  
  140  13:42  Marine  
  142  13:50  Ghost  
  142  13:54  Command Center  
  144  13:59  Ghost x2, Marine x2  
  144  14:00  Marine  
  151  14:04  Sensor Tower  
  151  14:08  Marine  
Show
View Real Time Build Order
Export as new Build Order

LanaDelRey Protoss - Winner!

Build Orders: 1 Gate Expand, Phoenix Opening, Colossus Rush 

Get SALT Encoding   

  12  0:00  Probe  
  13  0:12  Probe  
  14  0:17  Pylon  
  14  0:24  Probe (Chrono Boost)  
  16  0:36  Probe (Chrono Boost), Gateway  
  16  0:41  Probe (Chrono Boost)  
  16  0:45  Assimilator  
  17  0:53  Probe  
  18  1:05  Probe  
  19  1:17  Probe  
  20  1:24  Nexus  
  20  1:34  Cybernetics Core  
  20  1:35  Probe  
  21  1:44  Pylon  
  21  1:47  Probe  
  21  1:53  Assimilator  
  22  1:59  Probe  
  23  2:07  Adept (Chrono Boost), Probe  
  26  2:16  Probe  
  26  2:26  Probe, Stargate  
  27  2:30  Adept  
  29  2:38  Probe (Chrono Boost)  
  29  2:39  Warp Gate  
  31  2:44  Probe (Chrono Boost)  
  31  2:50  Probe (Chrono Boost)  
  32  2:58  Probe x2 (Chrono Boost)  
  34  3:00  Adept  
  34  3:04  Probe  
  36  3:06  Probe  
  36  3:09  Phoenix  
  40  3:17  Probe, Pylon  
  41  3:30  Robotics Facility  
  41  3:32  Gateway  
  41  3:33  Gateway  
  41  3:35  Shield Battery  
  41  3:40  Phoenix  
  43  3:43  Probe x2  
  45  3:55  Probe x2  
  47  3:58  Pylon  
  47  4:05  Phoenix  
  47  4:07  Probe  
  47  4:09  Assimilator  
  50  4:12  Assimilator  
  50  4:15  Probe, Pylon  
  51  4:21  Observer  
  51  4:22  Probe  
  53  4:28  Nexus  
  53  4:30  Probe  
  54  4:34  Probe  
  54  4:35  Phoenix  
  57  4:40  Stalker  
  57  4:51  Probe  
  57  4:52  Probe  
  57  4:59  Robotics Bay  
  57  5:03  Probe  
  57  5:04  Observer  
  59  5:12  Phoenix  
  59  5:13  Probe  
  62  5:16  Probe, Observer  
  62  5:17  Pylon  
  63  5:25  Probe  
  64  5:28  Probe  
  64  5:29  Twilight Council  
  64  5:33  Shield Battery  
  65  5:37  Probe  
  65  5:40  Probe  
  67  5:43  Probe  
  67  5:45  Pylon, Colossus (Chrono Boost)  
  67  5:49  Probe  
  75  6:00  Zealot x3  
  81  6:04  Charge (Chrono Boost)  
  81  6:05  Probe x3  
  84  6:14  Forge  
  84  6:17  Probe, Forge  
  85  6:23  Probe x2  
  87  6:31  Stalker x3  
  93  6:37  Immortal (Chrono Boost)  
  97  6:40  Probe x2  
  99  6:53  Probe  
  89  7:03  Probe  
  89  7:06  Zealot x2  
  89  7:07  Zealot  
  94  7:10  Colossus (Chrono Boost), Gateway x2  
  94  7:13  Gateway  
  100  7:15  Probe  
  100  7:21  Pylon  
  101  7:22  Pylon  
  101  7:24  Protoss Ground Armor Level 1 (Chrono Boost), Protoss Ground Weapons Level 1 (Chrono Boost)  
  101  7:35  Assimilator  
  101  7:38  Extended Thermal Lance (Chrono Boost)  
  101  7:39  Probe x3 (Chrono Boost), Assimilator  
  101  7:40  Gateway  
  105  7:55  Probe (Chrono Boost), Colossus (Chrono Boost)  
  105  7:57  Probe (Chrono Boost)  
  113  7:59  Probe (Chrono Boost)  
  113  8:01  Probe (Chrono Boost)  
  115  8:08  Zealot  
  115  8:09  Shield Battery  
  115  8:11  Photon Cannon  
  116  8:14  Pylon  
  116  8:16  Pylon  
  116  8:17  Pylon  
  116  8:21  Pylon  
  116  8:25  Probe  
  117  8:32  Probe x2, Zealot x3  
  125  8:38  Zealot  
  125  8:39  Zealot x2  
  127  8:44  Zealot  
  113  8:54  Void Ray  
  99  8:58  Stalker x3  
  99  8:59  Probe x2  
  109  9:03  Probe  
  109  9:08  Nexus  
  110  9:11  Zealot x2  
  110  9:12  Zealot  
  110  9:13  Observer  
  117  9:17  Templar Archives  
  117  9:23  Protoss Ground Weapons Level 2 (Chrono Boost), Protoss Ground Armor Level 2 (Chrono Boost)  
  116  9:31  Sentry x2  
  116  9:33  Warp Prism  
  122  9:41  Probe x3  
  125  9:48  Pylon  
  125  9:56  Gateway  
  125  9:58  High Templar x2, Gateway  
  125  9:59  High Templar  
  131  10:00  High Templar, Zealot x2  
  131  10:01  Zealot, Pylon  
  131  10:03  Archon x2  
  139  10:12  Photon Cannon x2  
  139  10:14  Shield Battery  
  139  10:22  Photon Cannon  
  139  10:23  Photon Cannon, Probe x3  
  139  10:25  Shield Battery, High Templar x2  
  139  10:28  High Templar  
  148  10:31  High Templar  
  150  10:36  Zealot x2, Archon x2  
  154  10:46  Stalker  
  154  10:48  Assimilator  
  156  10:50  Assimilator, Gateway  
  156  10:55  Photon Cannon  
  156  10:57  Zealot x2  
  156  10:58  Zealot x2  
  156  11:00  Zealot  
  166  11:10  Pylon  
  166  11:13  Zealot x2  
  170  11:19  Zealot x4  
  170  11:20  Protoss Ground Armor Level 3 (Chrono Boost), Protoss Ground Weapons Level 3 (Chrono Boost)  
  170  11:24  Warp Prism  
  168  11:42  Psionic Storm, Nexus  
  168  11:46  High Templar, Pylon, Blink  
  168  11:47  High Templar, Zealot x3  
  176  11:55  Archon  
  176  12:03  Probe  
  176  12:04  Probe x2  
  176  12:06  Shield Battery  
  176  12:07  Shield Battery  
  179  12:08  Photon Cannon  
  179  12:09  Photon Cannon  
  179  12:11  Photon Cannon  
  179  12:14  Stalker x3  
  185  12:22  Gravitic Drive (Chrono Boost), Gateway  
  185  12:25  Gateway  
  185  12:28  Pylon  
  183  12:37  Zealot x3  
  183  12:41  Zealot x2  
  183  12:42  Zealot  
  195  12:46  Pylon  
  181  12:56  Stalker  
  148  13:03  Zealot x4  
  148  13:04  Zealot x2  
  140  13:09  Warp Prism (Chrono Boost)  
  140  13:18  Stalker x4  
  144  13:21  Zealot  
  144  13:25  Zealot x4  
  154  13:35  Colossus (Chrono Boost)  
  160  13:42  Dark Shrine  
  160  13:43  Probe x4  
  164  13:48  High Templar x3  
  164  13:49  High Templar x5  
  164  13:50  Zealot x2  
  164  13:54  Archon x3  
  164  13:55  Archon  
  184  14:07  Zealot  
  186  14:12  Zealot x2  
  186  14:13  Zealot  
  192  14:21  Zealot x2  
  194  14:25  Zealot x4  
  180  14:36  Zealot x6  
  180  14:43  Zealot x2  
  170  14:47  Stalker x4  
Tags
 
Add a new tag
Caveats
  • Supply blocks, unpowered buildings, or Contaminate may cause inaccurate times.
  • Supply counts are checked every 10 seconds.